 Dungeon Crawl Stone Soup version 0.30-b1-2-g02819fbbbe (webtiles) character file.

Game seed: 4465065903323398125

10802 Alarkh the Skirmisher (level 11, -3/72 HPs)
             Began as a Demonspawn Hunter on July 7, 2023.
             Was a Believer of Uskayaw.
             Slain by a boulder beetle (12 damage)
             ... on level 9 of the Dungeon on July 8, 2023.
             The game lasted 00:20:46 (13318 turns).

Alarkh the Skirmisher (Demonspawn Hunter)          Turns: 13318, Time: 00:20:47

Health: -3/72      AC: 12    Str: 11    XL:     11   Next: 41%
Magic:  14/18      EV: 12    Int: 15    God:    Uskayaw [**....]
Gold:   363        SH:  0    Dex: 17    Spells: 10/10 levels left

rFire   . . .        a - +1 shortbow (elec)
rCold   + . .        (shield currently unavailable)
rNeg    . . .        D - +0 steam dragon scales
rPois   .            J - +0 helmet
rElec   .            N - +0 cloak
rCorr   .            y - +2 pair of gloves {hurl}
SInv    +            (no boots)
Will    .....        G - amulet of faith
Stlth   ++           M - ring of see invisible
HPRegen 0.32/turn    c - ring of protection from cold
MPRegen 0.16/turn

%: faith
@: no status effects
A: icy blue scales 1, demonic guardian 2, weakness stinger 1
a: Renounce Religion, Stomp, Line Pass


You were on level 9 of the Dungeon.
You worshipped Uskayaw.
Uskayaw was aware of your devotion.
You visited 2 branches of the dungeon, and saw 11 of its levels.

You collected 642 gold pieces.
You spent 279 gold pieces at shops.

Inventory:

Hand Weapons
 a - a +1 shortbow of electrocution (weapon)
 b - the +7 dagger "Koroa" {flame, *Noise rElec Will++ rCorr}
   (You found it on level 4 of the Dungeon)

   rElec:     It insulates you from electricity.
   *Noise:    It may make noises in combat.
   rCorr:     It protects you from acid and corrosion.
   Will:      It greatly increases your willpower.
 F - a +1 shortbow
 I - a +4 scimitar of flaming
Armour
 y - a +2 pair of gloves of hurling (worn)
 D - +0 steam dragon scales (worn)
 J - a +0 helmet (worn)
 N - a +0 cloak (worn)
Magical Staves
 B - a staff of poison
Jewellery
 c - a ring of protection from cold (right hand)
 v - a ring of resist corrosion
 w - a ring of fire
 G - an amulet of faith (around neck)
 L - a +6 ring of dexterity
 M - a ring of see invisible (left hand)
Wands
 f - a wand of paralysis (5)
 n - a wand of light (3)
 H - a wand of roots (4)
Scrolls
 e - a scroll of poison {unknown}
 g - a scroll of torment {unknown}
 j - 3 scrolls of magic mapping
 k - 3 scrolls of amnesia
 l - a scroll of teleportation
 o - a scroll of immolation
 s - 3 scrolls of enchant weapon
 x - a scroll of fear {unknown}
 C - 2 scrolls of enchant armour
 E - 2 scrolls of fog
Potions
 d - 4 potions of attraction
 h - a potion of heal wounds
 i - 3 potions of flight
 m - 8 potions of curing
 p - 3 potions of lignification
 q - 2 potions of resistance
 r - 2 potions of brilliance
 t - 2 potions of invisibility
 u - a potion of mutation
 z - 3 potions of cancellation
 K - a potion of ambrosia


   Skills:
 - Level 2.0 Fighting
 * Level 13.9 Ranged Weapons
 - Level 1.7 Dodging
 - Level 0.8 Stealth
 + Level 9.3 Invocations
 + Level 7.8 Evocations


You had 10 spell levels left.
You didn't know any spells.
Your spell library contained the following spells:

 Spells                   Type           Power      Damage    Failure   Level
 Foxfire                  Conj/Fire      0%         2x1d4     26%         1
 Kiss of Death            Conj/Necr      0%         2d5       26%         1
 Blink                    Tloc           0%         N/A       38%         2
 Scorch                   Fire           0%         2d5       38%         2
 Confusing Touch          Hex            0%         N/A       63%         3
 Inner Flame              Hex/Fire       0%         N/A       63%         3
 Dispel Undead            Necr           0%         3d6       95%         4
 Flame Wave               Conj/Fire      0%         2d4       95%         4
 Manifold Assault         Tloc           0%         N/A       95%         4
 Sticky Flame             Conj/Fire      0%         2d3       95%         4
 Summon Lightning Spire   Summ/Air       0%         N/A       95%         4
 Fireball                 Conj/Fire      0%         3d3       100%        5
 Plasma Beam              Fire/Air       0%         2x1d11    100%        6
 Starburst                Conj/Fire      0%         6d3       100%        6
 Summon Cactus Giant      Summ           0%         N/A       100%        6
 Storm Form               Tmut/Air       0%         N/A       100%        7
 Maxwell's Capacitive Co  Air            0%         ∞         100%        8


Dungeon Overview and Level Annotations

Branches:
Dungeon (10/15)            Temple (1/1) D:7             Orc (0/2) D:9
   Lair: D:8-11

Altars:
Ashenzari
Cheibriados
Dithmenos
Fedhas
Gozag
Hepliaklqana
Kikubaaqudgha
Makhleb
Nemelex Xobeh
Okawaru
Qazlal
Ru
Sif Muna
Trog
Uskayaw
Vehumet
Wu Jian
Xom
Yredelemnul

Shops:
D:9 [

Portals:
Abyss: D:7

Annotations:
D:6 3 runed translucent doors, enotiy's ghost, novice GrFi
D:7 2 transporters, xelsha's ghost, novice FoFi
D:10 Erica; Joseph


Innate Abilities, Weirdness & Mutations

You are partially covered in icy blue scales. (AC +2)
A demonic guardian rushes to your aid.
You have a small tail.


Message History

You shoot an arrow. The arrow hits the boulder beetle!
The boulder beetle is severely wounded.
The boulder beetle is no longer paralysed.
The boulder beetle bites you!
You shoot an arrow.
The arrow hits the boulder beetle but does no damage.
The boulder beetle is severely wounded.
The boulder beetle closely misses you.
You shoot an arrow.
The arrow hits the boulder beetle but does no damage.
The boulder beetle is severely wounded.
The boulder beetle bites you!!
You are too injured to fight recklessly!
You are too injured to fight recklessly!
Aiming: Line Pass
Press: ? - help, Dir - move target, p - boulder beetle The boulder beetle appears confused.
Fire: a) +1 shortbow (elec)
Press: ? - help, Q - select action, (/) - cycle Shift-Dir - straight line, f - boulder beetle
Aim: a boulder beetle (severely wounded, confused, 94% to hit)
You shoot an arrow.
The arrow hits the boulder beetle but does no damage.
The boulder beetle is severely wounded.
Fire: a) +1 shortbow (elec)
Press: ? - help, Q - select action, (/) - cycle Shift-Dir - straight line, f/p - boulder beetle
Aim: a boulder beetle (severely wounded, confused, 94% to hit)
You shoot an arrow.
The arrow hits the boulder beetle but does no damage.
The boulder beetle is severely wounded.
Fire: a) +1 shortbow (elec)
Press: ? - help, Q - select action, (/) - cycle Shift-Dir - straight line, f/p - boulder beetle
Aim: a boulder beetle (severely wounded, confused, 94% to hit)
You shoot an arrow. The arrow hits the boulder beetle.
The boulder beetle is severely wounded.
The boulder beetle seems less confused.
The boulder beetle bites you!
* * * LOW HITPOINT WARNING * * *
A demonic guardian appears!
The boulder beetle attacks as you move away!
The boulder beetle bites you!
You die...

..#..#(.#.###.# #...'...##.####
.....#..#.###.# #...#...##.####
..............##+###'###'##......
..#.#...#.###.#...#)..#...##.####
..#.#...#.# #.#...#...#.(.##.#
........#.# #[#...#..)#.[.##.#
..#.#...#.# #.##'#######'###.#
..#.#...#.###[#.B.#...#...##.####
..<.#........)#.@4'...'...##.##.#
..#u#..##....[#...#...#...#......
............#?##########'##.....#
###.##.......................#..#
.#.###.......#.#.#.######....##.#
#..# #................# #....##.#
..#######....#.#.#.##.###....##.#
#...# #....................##.#
).#######........#.##.###.#......


You could see a boulder beetle (ally target) and a friendly ice devil
(summoned).

Vanquished Creatures
  A two-headed ogre (D:9)
  An ugly thing (D:9)
  2 cyclopes (D:9)
  An ice statue (D:8)
  Maggie (D:6)
  An efreet (D:9)
  Grinder (D:4)
  2 wraiths
  10 yaks (D:9)
  4 steam dragons
  An acid dragon (D:9)
  Duvessa (D:6)
  4 sky beasts (D:8)
  7 orc warriors
  An ice beast (D:8)
  2 black bears (D:6)
  An ogre (D:9)
  3 centaurs
  3 wolves
  2 kobold brigands
  Blork the orc (D:6)
  5 bullfrogs
  3 scorpions
  A jelly (D:7)
  Dowan (D:6)
  An electric eel (D:10)
  3 howler monkeys (D:9)
  A quasit (D:10)
  9 orc priests
  3 gnoll boudas
  7 hounds
  Jessica (D:2)
  11 orc wizards
  2 iguanas (D:4)
  19 gnolls
  5 adders
  A shadow imp (D:6)
  2 white imps
  An ufetubus (D:5)
  4 worms
  3 dart slugs
  26 orcs
  13 ball pythons
  7 bats
  6 endoplasms
  5 giant cockroaches
  7 hobgoblins
  9 quokkas
  7 frilled lizards
  8 goblins
  17 kobolds
  5 rats
243 creatures vanquished.

Vanquished Creatures (collateral kills)
  A centaur warrior (D:10)
  Maurice (D:10)
  A yak (D:9)
  A steam dragon (D:7)
  2 centaurs
  An orc priest (D:4)
  A sleepcap (D:5)
  2 gnolls
  An adder (D:2)
  An orc (D:6)
12 creatures vanquished.

Vanquished Creatures (others)
  3 demonic plants (D:10)
  5 fungi (D:4)
  16 plants (D:4)
24 creatures vanquished.

Grand Total: 279 creatures vanquished

Notes
Turn   | Place    | Note
-------+----------+-------------------------------------------
     0 | D:1      | Alarkh the Demonspawn Hunter began the quest for the Orb.
     0 | D:1      | Reached XP level 1. HP: 16/16 MP: 1/1
   117 | D:1      | Reached skill level 4 in Ranged Weapons
   147 | D:1      | Gained mutation: A weak demonic guardian rushes to your
                  | aid. [demonic ancestry]
   147 | D:1      | Reached XP level 2. HP: 22/22 MP: 2/2
   760 | D:2      | Noticed Jessica
   766 | D:2      | Killed Jessica
   767 | D:2      | Gained mutation: You have a small tail. [demonic ancestry]
   767 | D:2      | Reached XP level 3. HP: 27/27 MP: 3/3
   773 | D:2      | Reached skill level 5 in Ranged Weapons
   841 | D:2      | Reached XP level 4. HP: 33/33 MP: 4/4
  1572 | D:2      | Gained mutation: You are partially covered in icy blue
                  | scales. (AC +2) [demonic ancestry]
  1572 | D:2      | Reached XP level 5. HP: 37/38 MP: 5/5
  1947 | D:3      | Found an opulent altar of Gozag.
  2090 | D:3      | Reached skill level 6 in Ranged Weapons
  2147 | D:3      | Found a sacrificial altar of Ru.
  2373 | D:3      | Found a faded altar of an unknown god.
  2969 | D:4      | Gained mutation: A demonic guardian rushes to your aid.
                  | [demonic ancestry]
  2969 | D:4      | Reached XP level 6. HP: 41/44 MP: 6/6
  3081 | D:4      | You fall into a shaft and drop 1 floor!
  3081 | D:5      | Entered Level 5 of the Dungeon
  3151 | D:5      | Reached skill level 7 in Ranged Weapons
  3527 | D:4      | Found a blossoming altar of Fedhas.
  3554 | D:4      | Identified the +7 dagger "Koroa" {flame, *Noise rElec
                  | Will++ rCorr}
  3697 | D:4      | Noticed Grinder
  3699 | D:4      | Paralysed by Grinder for 4 turns
  3716 | D:4      | Paralysed by Grinder for 5 turns
  3725 | D:4      | Killed Grinder
  3726 | D:4      | Reached skill level 8 in Ranged Weapons
  3726 | D:4      | Reached XP level 7. HP: 34/50 MP: 7/7
  4161 | D:5      | Found a hide-covered altar of Uskayaw.
  4173 | D:5      | Became a worshipper of Uskayaw the Reveller
  4212 | D:5      | Reached * piety under Uskayaw
  4234 | D:5      | Reached ** piety under Uskayaw
  4238 | D:5      | Reached *** piety under Uskayaw
  4387 | D:5      | Reached skill level 9 in Ranged Weapons
  4983 | D:5      | Found a basalt altar of Yredelemnul.
  5167 | D:6      | Reached XP level 8. HP: 17/56 MP: 8/8
  5278 | D:6      | Noticed Maggie
  5279 | D:6      | Noticed Blork the orc
  5354 | D:6      | Reached **** piety under Uskayaw
  5424 | D:6      | Killed Blork the orc
  5470 | D:6      | Killed Maggie
  5471 | D:6      | Reached skill level 10 in Ranged Weapons
  5686 | D:6      | Reached skill level 1 in Invocations
  5808 | D:6      | Found an iron altar of Okawaru.
  5991 | D:6      | Noticed Duvessa
  5991 | D:6      | Noticed Dowan
  6171 | D:6      | Found a runed translucent gate.
  6171 | D:6      | Found a runed translucent gate.
  6171 | D:6      | Found a runed translucent gate.
  6173 | D:6      | Found an opulent altar of Gozag.
  6173 | D:6      | Noticed a two-headed ogre
  6176 | D:6      | Noticed enotiy's ghost (novice GrFi)
  6348 | D:7      | Reached XP level 9. HP: 49/61 MP: 10/10
  6541 | D:6      | Killed Duvessa
  6542 | D:6      | Reached skill level 11 in Ranged Weapons
  6546 | D:6      | Killed Dowan
  7264 | D:7      | Found a one-way gate to the infinite horrors of the Abyss.
  7264 | D:7      | Noticed xelsha's ghost (novice FoFi)
  7271 | D:7      | Found a transporter.
  7294 | D:7      | Found a staircase to the Ecumenical Temple.
  7465 | Temple   | Entered the Ecumenical Temple
  7657 | D:7      | Found a transporter.
  7657 | D:7      | Noticed a toenail golem
  7698 | D:7      | Noticed a red devil
  8396 | D:8      | Found a shimmering blue altar of Sif Muna.
  8405 | D:8      | Found an ancient bone altar of Kikubaaqudgha.
  8406 | D:8      | Found a snail-covered altar of Cheibriados.
  8407 | D:8      | Found a sparkling altar of Nemelex Xobeh.
  8536 | D:8      | Reached skill level 5 in Invocations
  8536 | D:8      | Reached skill level 5 in Evocations
  9309 | D:8      | Reached skill level 12 in Ranged Weapons
  9309 | D:8      | Reached XP level 10. HP: 67/67 MP: 14/14
  9359 | D:8      | Noticed an ice statue
  9469 | D:8      | Reached ***** piety under Uskayaw
  9482 | D:8      | Reached ****** piety under Uskayaw
  9503 | D:8      | Killed an ice statue
  9776 | D:9      | Found a staircase to the Orcish Mines.
 10148 | D:9      | Noticed a cyclops
 10159 | D:9      | Killed a cyclops
 10262 | D:9      | Reached skill level 13 in Ranged Weapons
 10332 | D:9      | Found Oteowk's Armour Shoppe.
 10341 | D:9      | Bought a +2 pair of gloves of hurling for 279 gold pieces
 10718 | D:9      | Noticed a cyclops
 11084 | D:9      | Noticed a red ugly thing
 11472 | D:9      | Killed a red ugly thing
 11640 | D:9      | Reached XP level 11. HP: 60/72 MP: 17/17
 11737 | D:9      | Noticed a two-headed ogre
 11841 | D:9      | Killed a two-headed ogre
 12082 | D:9      | Noticed a boulder beetle
 12095 | D:9      | Noticed a boulder beetle
 12115 | D:10     | Entered Level 10 of the Dungeon
 12123 | D:10     | Noticed a centaur warrior
 12135 | D:10     | Killed a centaur warrior
 12767 | D:10     | Noticed Joseph
 12988 | D:10     | Noticed Maurice
 12998 | D:10     | Killed Maurice
 13006 | D:10     | Noticed Erica
 13055 | D:10     | HP: 1/72 [yak (7)]
 13318 | D:9      | Slain by a boulder beetle

Illustrated notes

Levels and vault maps discovered:
D:1:      dpeg_arrival_three_bigger_balls, layout_loops_ring, serial_rivers,
          chequers_serial_rivers_marsh, chequers_serial_rivers_small_b,
          chequers_serial_rivers_micro_c, chequers_serial_rivers_micro_a
D:2:      layout_basic, small_statue_intersection, solitary_fountain,
          uniq_jessica
D:3:      layout_basic, nicolae_gozag_seed_capital, hangedman_ru_absence,
          hellmonk_ecumenical_altar_inner_sanctum
D:4:      layout_loops_corners, fedhas_altar_3, serial_bayou,
          serial_bayou_lake_a, serial_bayou_ford_a, serial_bayou_pond_e,
          serial_bayou_pond_e, uniq_grinder
D:5:      layout_basic, kennysheep_ying_yang, nicolae_uskayaw_dance_hall
D:6:      layout_basic, pf_just_have_faith, ebering_ghost_gozag,
          grunt_decor_cap, uniq_blork_the_orc, uniq_maggie, uniq_duvessa
D:7:      layout_basic, minmay_temple_entry_hall, gammafunk_ghost_abyssal_escape
D:8:      lemuel_ice_statue, layout_cave_pods, mainiacjoe_overflow_alcove_1,
          minitemple, hangedman_misty_isle
D:9:      layout_basic, erik_orc_3, serial_shops, nicolae_shop_hallway_plus,
          minmay_evil_grid
D:10:     layout_stronghold, erik_lair_island, serial_demonic, serial_demonic_c,
          serial_demonic_a, serial_demonic_d, serial_demonic_f,
          serial_demonic_d, serial_demonic_a, serial_demonic_a,
          minmay_misc_feat_secret_circle, uniq_erica, uniq_maurice, uniq_joseph
Temple:   nicolae_temple_two_arcs

Skill      XL: |  1  2  3  4  5  6  7  8  9 10 11 |
---------------+----------------------------------+-----
Ranged Weapons | 4 5 6 8 9 10 12 13 | 13.9
Evocations     | 3 5 7 |  7.8
Invocations    | 2 5 8 9 |  9.3
Fighting       | |  2.0
Dodging        | |  1.7
Stealth        | |  0.8

Action                     |  1- 3 |  4- 6 |  7- 9 | 10-12 || total
---------------------------+-------+-------+-------+-------++-------
  Melee: Dagger            |       |     6 |     3 |       ||     9
         Tailslap          |       |     2 |     1 |       ||     3
   Fire: Shortbow          |    79 |   229 |   452 |   410 ||  1170
 Invoke: Line Pass         |       |       |       |     2 ||     2
  Evoke: Wand              |       |     1 |     1 |       ||     2
    Use: Scroll            |       |     6 |    10 |     8 ||    24
         Potion            |       |     1 |     3 |     5 ||     9
 Armour: Leather armour    |     4 |    21 |    12 |       ||    37
         Steam dragon scal |       |       |    62 |    38 ||   100
  Dodge: Dodged            |    12 |    61 |   131 |    71 ||   275
